 Dungeon Crawl Stone Soup version 0.31-a0-198-g2ad674f65e (webtiles) character file.

Game seed: 10424855547844442993

73 qw the Shooter (level 4, -4/25 HPs)
             Began as a Deep Elf Hunter on June 25, 2023.
             Slain by Natasha (5 damage)
             ... on level 2 of the Dungeon.
             The game lasted 00:00:21 (1318 turns).

qw the Shooter (Deep Elf Hunter)                    Turns: 1318, Time: 00:00:22

Health: -4/25      AC:  5    Str: 10    XL:     4   Next: 8%
Magic:  6/6        EV: 11    Int: 14    God:
Gold:   86         SH:  0    Dex: 18    Spells: 3/3 levels left

rFire   . . .        Y - +0 shortbow
rCold   . . .        (shield currently unavailable)
rNeg    + . .        e - +0 ring mail
rPois   .            (no helmet)
rElec   .            (no cloak)
rCorr   .            (no gloves)
SInv    .            (no boots)
Will    .....        (no amulet)
Stlth   +            b - ring of positive energy
HPRegen 0.24/turn    (no ring)
MPRegen 0.10/turn

%: no passive effects
@: no status effects
A: no striking features
a: no special abilities


You were on level 2 of the Dungeon.
You visited 1 branch of the dungeon, and saw 2 of its levels.

You collected 86 gold pieces.


   Skills:
 - Level 1.5 Fighting
 + Level 7.5 Ranged Weapons
 - Level 2.4 Dodging
 - Level 1.2 Stealth


You had 3 spell levels left.
You didn't know any spells.
Your spell library was empty.

Inventory:

Hand Weapons
 Y - a +0 shortbow (weapon)
Armour
 e - a +0 ring mail (worn)
Jewellery
 b - a ring of positive energy (left hand)
Scrolls
 g - 2 scrolls of identify {unknown}
Potions
 d - 2 potions of heal wounds {unknown}

Dungeon Overview and Level Annotations

Branches:
Dungeon (2/15)

Altars:

Annotations:
D:2 Natasha


Message History

1306 ||| DROPPING +0 leather armour.
You drop a +0 leather armour.
Done exploring.
1307 ||| READING scroll labelled FIBBI TOXIESM.
As you read the scroll labelled FIBBI TOXIESM, it crumbles to dust.
You feel strangely unstable.
It was a scroll of teleportation.
You start waiting.
Your surroundings suddenly seem different.
Natasha, Servant of Life and Death comes into view.
She is carrying a wand of flame (11).
Natasha hisses angrily.
Enter note:
Enter note:
Enter note:
Enter note:
Enter note:
Enter note:
Enter note:
Enter note:
Enter note: You shoot an arrow.
The arrow hits Natasha.
Natasha is lightly wounded.
You shoot an arrow. The arrow closely misses Natasha.
Natasha claws you. x2
You shoot an arrow. The arrow barely misses Natasha.
Natasha zaps a wand.
The puff of flame hits you.
You shoot an arrow. The arrow barely misses Natasha.
Natasha claws you but does no damage.
You shoot an arrow. The arrow hits Natasha.
Natasha is lightly wounded.
Natasha zaps a wand.
The puff of flame hits you.
You shoot an arrow. The arrow hits Natasha.
Natasha is moderately wounded.
Natasha stares at you and mumbles some strange words.
The magic dart hits you!
You shoot an arrow. The arrow hits Natasha.
Natasha is severely wounded.
Natasha stares at you and mumbles some strange words.
You resist with some effort.
You shoot an arrow. The arrow barely misses Natasha.
Natasha claws you.
You die...

#.#.# #.###.####..#########....
....# #.##...###..#### #.##.
###.# #....#.........# #.##. #
#.# ####...###..##.# #.##. ###%#
##>## #..##.# #.##. ....# #.#
#..##.# #.### #.###
######.####..##.# #.# #.#
#......[..h..##.# ##.### #.##
#.#......@##.##.# #.....
...#####.#.#####.##.##.#####..###
.#%......#.# #.##...........#
...####....# #........####.##
#.## #.##.# #.#####.## #.# #.#
#.##.#####.# ### #.# #.#
#.##.......# #.# #.# #.####.#####
#.# #>#####.# #.# #.#


You could see Natasha.

Vanquished Creatures
  Natasha (D:2)
  2 adders (D:2)
  A worm (D:2)
  2 ball pythons (D:1)
  5 bats
  2 endoplasms
  4 goblins
  4 hobgoblins
  3 quokkas
  A frilled lizard (D:2)
  A kobold (D:2)
  3 rats (D:1)
29 creatures vanquished.

Notes
Turn   | Place    | Note
-------+----------+-------------------------------------------
     0 | D:1      | qw the Deep Elf Hunter began the quest for the Orb.
     0 | D:1      | Reached XP level 1. HP: 12/12 MP: 3/3
     0 | D:1      | 0 ||| qw: Version: 0.3-a-22-g0ed2b0b
     0 | D:1      | 0 ||| qw: Game counter: 5094
     0 | D:1      | 0 ||| qw: Melee chars always use a shield: true
     0 | D:1      | 0 ||| qw: God list: Okawaru
     0 | D:1      | 0 ||| qw: Allow faded altars: false
     0 | D:1      | 0 ||| qw: Do Orc after clearing Dungeon:15 true
     0 | D:1      | 0 ||| qw: Do second Lair branch before Depths: true
     0 | D:1      | 0 ||| qw: Lair rune preference: random
     0 | D:1      | 0 ||| qw: Goals: Normal
     0 | D:1      | 0 ||| PLANNING D:1-11
     9 | D:1      | 9 ||| DROPPING scroll of butterflies.
   220 | D:1      | Reached XP level 2. HP: 16/16 MP: 4/4
   229 | D:1      | Reached skill level 6 in Ranged Weapons
   708 | D:1      | 708 ||| UPGRADING to ring of positive energy.
   863 | D:2      | Reached XP level 3. HP: 20/20 MP: 5/5
  1152 | D:2      | Reached skill level 7 in Ranged Weapons
  1277 | D:2      | Noticed Natasha
  1280 | D:2      | Killed Natasha
  1281 | D:2      | Reached XP level 4. HP: 25/25 MP: 6/6
  1296 | D:2      | 1296 ||| UPGRADING to +0 ring mail.
  1306 | D:2      | 1306 ||| DROPPING +0 leather armour.
  1307 | D:2      | 1307 ||| READING scroll labelled FIBBI TOXIESM.
  1310 | D:2      | Noticed Natasha
  1316 | D:2      | HP: 1/25 [Natasha/magic dart (7)]
  1318 | D:2      | Slain by Natasha

Levels and vault maps discovered:
D:1:      dpeg_arrival_pits, layout_basic, minmay_surrounded
D:2:      layout_loops_ring, uniq_natasha

Skill      XL: |  1  2  3 |
---------------+----------+-----
Ranged Weapons | 6 7 |  7.5
Fighting       | |  1.5
Dodging        | |  2.4
Stealth        | |  1.2

Action                     |  1- 3 |  4- 6 || total
---------------------------+-------+-------++-------
   Fire: Shortbow          |    73 |     8 ||    81
    Use: Scroll            |       |     1 ||     1
 Armour: Leather armour    |     7 |       ||     7
         Ring mail         |       |     1 ||     1
  Dodge: Dodged            |    24 |       ||    24

Table legend:
 A = Non-vault XP
 B = Vault XP
 C = Vault XP percentage of total XP
 D = Non-vault monster count
 E = Vault monster count
 F = Vault count percentage of total count
                 A         B        C        D         E       F
            +---------+---------+-------+---------+---------+-------
      Total |      68 |      37 |  35.2 |      25 |       4 |  13.8
            +---------+---------+-------+---------+---------+-------
        D:1 |      19 |       4 |  17.4 |      11 |       3 |  21.4
        D:2 |      49 |      33 |  40.2 |      14 |       1 |   6.7
            +---------+---------+-------+---------+---------+-------
